 Dungeon Crawl Stone Soup version 0.30-a0-726-gd89dcf765f (webtiles) character file.

Game seed: 4418955477137149472

138 tkbsonic5 the Cudgeller (level 5, -1/41 HPs)
             Began as a Mummy Gladiator on Jan 29, 2023.
             Killed by divine providence
             ... invoked by an orc priest
              (13 damage)
             ... on level 3 of the Dungeon.
             The game lasted 00:05:32 (1956 turns).

tkbsonic5 the Cudgeller (Mummy Gladiator)           Turns: 1956, Time: 00:05:32

Health: -1/41      AC:  8    Str: 19    XL:     5   Next: 1%
Magic:  5/5        EV: 12    Int:  7    God:
Gold:   154        SH:  0    Dex: 14    Spells: 4/4 levels left

rFire   x . .      SeeInvis .    a - +0 flail
rCold   + . .      Faith    +    (no shield)
rNeg    + + +      Spirit   .    b - +0 leather armour
rPois   ∞          Reflect  .    c - +0 helmet
rElec   .          Harm     .    f - +1 cloak
rCorr   .          Rampage  .    h - +1 pair of gloves
Will    .....                    (no boots) Stlth
                                 (no amulet)
HPRegen 0.26/turn                (no ring)
MPRegen 0.09/turn                (no ring)

@: silenced
A: cold resistance 1, negative energy resistance 3, torment resistance 2, heat
vulnerability 1, in touch with death 1, no potions, faith
a: no special abilities


You were on level 3 of the Dungeon.
You visited 1 branch of the dungeon, and saw 3 of its levels.

You collected 154 gold pieces.

Inventory:

Hand Weapons
 a - a +0 flail (weapon)
 e - a +3 dagger of venom
Armour
 b - a +0 leather armour (worn)
 c - a +0 helmet (worn)
 f - a +1 cloak (worn)
 h - a +1 pair of gloves (worn)
Jewellery
 i - an amulet of magic regeneration
Scrolls
 d - 4 scrolls of blinking


   Skills:
 + Level 3.3 Fighting
 * Level 4.1 Maces & Flails
 - Level 1.5 Throwing
 - Level 2.4 Dodging


You had 4 spell levels left.
You didn't know any spells.
Your spell library contained the following spells:

 Spells                   Type           Power      Damage    Failure   Level
 Apportation              Tloc           0%         N/A       50%         1
 Necrotise                Necr           0%         1d4       50%         1
 Summon Small Mammal      Summ           0%         N/A       50%         1
 Cigotuvi's Dreadful Rot  Necr/Pois/Air  0%         N/A       63%         2
 Poisonous Vapours        Pois/Air       0%         N/A       63%         2
 Gell's Gravitas          Tloc           0%         N/A       86%         3
 Mephitic Cloud           Conj/Pois/Air  0%         N/A       86%         3
 Teleport Other           Tloc           0%         N/A       86%         3
 Fireball                 Conj/Fire      0%         3d3       100%        5
 Iskenderun's Battlesphe  Conj           0%         2d6       100%        5
 Conjure Ball Lightning   Conj/Air       0%         3x3d6     100%        6
 Dispersal                Tloc           0%         N/A       100%        6
 Orb of Destruction       Conj           0%         9d5       100%        7


Dungeon Overview and Level Annotations

Branches:
Dungeon (3/15)

Altars:


Innate Abilities, Weirdness & Mutations

You are immune to poison.
Your flesh is cold resistant. (rC+)
You are immune to negative energy. (rN+++)
You are immune to unholy pain and torment.
You are vulnerable to heat. (rF-)
You are in touch with the powers of death.
You do not drink.
You have a special connection with the divine. (Faith)


Message History

You hit the hobgoblin.
You kill the hobgoblin!
The orc hits you with a +0 dagger.
* * * LOW HITPOINT WARNING * * *
You sock the orc!
You kill the orc!
You hit the orc.
The orc is moderately wounded.
The orc misses you.
You sock the orc!
You kill the orc!
You have reached level 5!
You feel agile.
Items here: )) [ ††.
Magic scrolls do not work when you're silenced!
Unknown command.
The orc priest hits you but does no damage.
An adder comes into view.
Things that are here:
a +0 hand axe; a +0 leather armour; an orc corpse You barely miss the orc priest.
The giant cockroach closely misses you.
The orc priest hits you but does no damage.
The giant cockroach misses you.
You hit the orc priest.
The orc priest is moderately wounded.
The orc priest barely misses you. The giant cockroach closely misses you.
The hobgoblin hits you.
* * * LOW HITPOINT WARNING * * *
The orc priest closely misses you.
The giant cockroach completely misses you.
The hobgoblin hits you but does no damage.
The giant cockroach attacks as you move away!
The giant cockroach bites you but does no damage.
The hobgoblin closely misses you.
Items here: )) [ ††.
The giant cockroach waves its antennae.
The giant cockroach bites you but does no damage.
The orc priest invokes the aid of Beogh against you.
Beogh smites you!
You die...

########..#>#####....
##°..(.......# #[.##
#...#.###....# #.##
###...#°##.###.# #.#
#.......#.## #.# .#
#....†So..# #.. ..
#......g#.# ##..
##....#B##.# ##.
#....#@# #.. .#
....#.##°....... ##.
#. ########.# # #. .
. .


You could see an orc priest, an adder, a giant cockroach and a hobgoblin.

Vanquished Creatures
  Robin (D:2)
  4 adders (D:2)
  2 worms
  2 dart slugs (D:1)
  3 orcs (D:3)
  4 bats
  2 endoplasms
  2 giant cockroaches (D:1)
  9 goblins (D:2)
  7 hobgoblins
  8 jackals
  10 kobolds
  3 quokkas
  9 ball pythons
  3 frilled lizards
  6 rats
75 creatures vanquished.

Notes
Turn   | Place    | Note
-------+----------+-------------------------------------------
     0 | D:1      | tkbsonic5 the Mummy Gladiator began the quest for the Orb.
     0 | D:1      | Reached XP level 1. HP: 16/16 MP: 1/1
   147 | D:1      | Reached XP level 2. HP: 22/22 MP: 2/2
   314 | D:1      | Reached skill level 3 in Maces & Flails
   626 | D:1      | Gained mutation: You are in touch with the powers of death.
                  | [Mummy growth]
   626 | D:1      | Reached XP level 3. HP: 28/28 MP: 3/3
  1160 | D:2      | Noticed Robin
  1181 | D:2      | Reached XP level 4. HP: 24/34 MP: 4/4
  1195 | D:2      | Killed Robin
  1349 | D:2      | Reached skill level 4 in Maces & Flails
  1592 | D:2      | Found a faded altar of an unknown god.
  1945 | D:3      | Reached XP level 5. HP: 13/41 MP: 5/5
  1956 | D:3      | Killed from afar by an orc priest

Illustrated notes

Levels and vault maps discovered:
D:1:      wander_arrival_peaceful_grave, layout_basic,
          hangedman_abyss_or_decor_lesser_grid, minmay_pentomino_v4
D:2:      layout_loops_ring, hellmonk_ecumenical_altar_arch_garden,
          minmay_crystal_water, kennysheep_generic_room_8, uniq_robin
D:3:      layout_loops_ring, dreamdust_princess_bridge,
          chequers_serial_rivers_small_b, uniq_ijyb

Skill      XL: |  1  2  3  4 |
---------------+-------------+-----
Maces & Flails | 3 4 |  4.1
Fighting       | 3 |  3.3
Throwing       | |  1.5
Dodging        | |  2.4

Action                     |  1- 3 |  4- 6 || total
---------------------------+-------+-------++-------
  Melee: Flail             |   138 |    86 ||   224
  Throw: Throwing net      |     4 |       ||     4
         Javelin           |     6 |     1 ||     7
    Use: Scroll            |     3 |     2 ||     5
 Armour: Leather armour    |    56 |    49 ||   105
  Dodge: Dodged            |   106 |    73 ||   179

Table legend: (Time is in decaauts)
 A = Elapsed time spent in this place.
 B = Non-inter-level travel time spent in this place.
 C = Inter-level travel time spent in this place.
 D = Time resting spent in this place.
 E = Time spent auto-exploring this place.
 F = Levels seen in this place.
 G = Mean time per level.
                   A        B        C        D        E       F      G
               +--------+--------+--------+--------+--------+-----+--------+
         Total |   2012 |   1968 |     44 |     38 |   1408 |   3 |  670.7 |
       Dungeon |   2012 |   1968 |     44 |     38 |   1408 |   3 |  670.7 |
               +--------+--------+--------+--------+--------+-----+--------+

Top non-repeatable levels by time:
     D:1: 1096 daAuts
     D:2: 800 daAuts
     D:3: 114 daAuts
